 Dungeon Crawl Stone Soup version 0.23.2-1-ga50397a6bc (webtiles) character file.

Game seed: 5501670658047817460

7175 Revguard the Cleaver (level 10, -1/88 HPs)
             Began as a Minotaur Gladiator on Apr 17, 2019.
             Was an Initiate of Ru.
             Slain by a two-headed ogre
             ... wielding a +0 giant club
              (9 damage)
             ... on level 10 of the Dungeon.
             The game lasted 00:27:16 (8105 turns).

Revguard the Cleaver (Minotaur Gladiator)           Turns: 8105, Time: 00:27:17

Health: -1/88      AC: 13    Str: 21    XL:     10   Next: 86%
Magic:  13/13      EV: 17    Int:  5    God:    Ru [......]
Gold:   607        SH:  6    Dex: 18    Spells: 9/9 levels left

rFire    . . .     SeeInvis .   a - +4 battleaxe
rCold    . . .     Gourm    .   (shield currently unavailable)
rNeg     + . .     Faith    .   o - +2 chain mail {rPois}
rPois    +         Spirit   .   c - +0 hat
rElec    .         Reflect  +   (no cloak)
rCorr    .         Harm     .   (no gloves)
MR       .....                  (no boots)
Stlth    ..........             x - +6 amulet of reflection
HPRegen  0.24/turn              g - ring of positive energy
MPRegen  0.13/turn              y - ring of flight

@: agile
A: retaliatory headbutt, horns 2
a: Renounce Religion, Evoke Flight


You were on level 10 of the Dungeon.
You worshipped Ru.
Ru was noncommittal.
You were not hungry.

You visited 2 branches of the dungeon, and saw 11 of its levels.

You collected 607 gold pieces.

Inventory:

Hand Weapons
 a - a +4 battleaxe (weapon)
 i - a +3 hand axe of chopping
Missiles
 d - 3 throwing nets (quivered)
Armour
 c - a +0 hat (worn)
 o - a +2 chain mail of poison resistance (worn)
Jewellery
 g - a ring of positive energy (left hand)
 x - a +6 amulet of reflection (around neck)
 y - a ring of flight (right hand)
Wands
 e - a wand of flame (9)
 n - a wand of clouds (1)
 p - a wand of polymorph (7)
Scrolls
 b - a scroll of amnesia
 k - 9 scrolls of remove curse
 l - 4 scrolls of teleportation
 m - 3 scrolls of fog
 s - 5 scrolls of noise
 v - 2 scrolls of random uselessness
 A - a scroll of vulnerability
 B - a scroll of enchant armour
Potions
 j - 2 potions of curing
 t - 2 potions of flight
 w - a potion of might
Miscellaneous
 q - a lamp of fire
 u - a box of beasts
Comestibles
 f - 20 rations
 h - a chunk of flesh


   Skills:
 + Level 7.9 Fighting
 + Level 12.1 Axes
 - Level 2.0 Throwing
 + Level 10.2 Armour
 + Level 6.0 Dodging
 * Level 6.2 Evocations


You had 9 spell levels left.
You didn't know any spells.
Your spell library contained the following spells:

 Spells                   Type           Power        Failure   Level  Hunger
 Apportation              Tloc           #.....       98%         1    ##.....
 Beastly Appendage        Tmut           #.....       98%         1    ##.....
 Corona                   Hex            #......      98%         1    ##.....
 Ensorcelled Hibernation  Hex/Ice        #.....       99%         2    ###....
 Sticks to Snakes         Tmut           #.......     99%         2    ###....
 Confuse                  Hex            #.......     100%        3    ####...
 Dazzling Spray           Conj/Hex       #.....       100%        3    ####...
 Spider Form              Tmut/Pois      #.........   100%        3    ####...
 Tukima's Dance           Hex            #.......     100%        3    ####...
 Ice Form                 Ice/Tmut       #.......     100%        4    #####..
 Blade Hands              Tmut           #.........   100%        5    ######.
 Controlled Blink         Tloc           N/A          100%        8    #######


Dungeon Overview and Level Annotations

Branches:
Dungeon (10/15)            Temple (1/1) D:7             Orc (0/2) D:9
   Lair: D:8-11

Altars:
Ashenzari
Cheibriados
Dithmenos
Elyvilon
Fedhas
Gozag
Hepliaklqana
Kikubaaqudgha
Makhleb
Nemelex Xobeh
Okawaru
Qazlal
Ru
Sif Muna
Trog
Uskayaw
Vehumet
Wu Jian
Xom
Yredelemnul
Zin
The Shining One

Shops:
D:5 (   D:6 [


Innate Abilities, Weirdness & Mutations

You reflexively headbutt those who attack you in melee.
You have a pair of horns on your head.


Message History

You headbutt the two-headed ogre!
The two-headed ogre is lightly wounded.
The two-headed ogre hits you with a +0 giant club!
The two-headed ogre hits you with a cursed -3 giant club!
Your chain mail prevents you from hitting the two-headed ogre.
Your headbutt misses the two-headed ogre.
The two-headed ogre is lightly wounded.
You slice the two-headed ogre!!
The two-headed ogre is heavily wounded.
The two-headed ogre hits you with a +0 giant club!!
* * * LOW HITPOINT WARNING * * *
The two-headed ogre hits you but does no damage.
You feel agile all of a sudden.
The two-headed ogre hits you with a +0 giant club!
* * * LOW HITPOINT WARNING * * *
The two-headed ogre misses you.
You barely miss the two-headed ogre.
The two-headed ogre is heavily wounded.
The two-headed ogre hits you with a +0 giant club!
You die...

# #+############ .#
.............# #####.###
.............# #.......#
......(......# #.......#
.............# #.......#
.............####.......#
.............##@OW......#
.............#..#.......#
........)....'.##.......#
......)))....####.......#
#######'###### ######.##
#..# # #.## ####'####
#.......#


You could see a two-headed ogre and a phantom.

Vanquished Creatures
  A great orb of eyes (D:9)
  A troll (D:8)
  2 hippogriffs
  A wyvern (D:9)
  Grum (D:8)
  3 yaks (D:9)
  A wraith (D:9)
  A water moccasin (D:8)
  2 sky beasts (D:5)
  An orc warrior (D:8)
  A black bear (D:6)
  A necrophage (D:9)
  3 ice beasts
  2 centaurs
  4 phantoms
  4 wolves (D:8)
  2 crocodiles (D:8)
  3 big kobolds
  Blork the orc (D:6)
  6 bullfrogs
  2 wyvern skeletons
  7 scorpions (D:8)
  4 killer bees (D:8)
  The ghost of Acheron the Vandal, a weakling HuHu (D:3)
  10 crimson imps
  A howler monkey (D:10)
  A bullfrog zombie (D:9)
  A centaur zombie (D:10)
  5 jellies
  6 hounds
  2 bullfrog skeletons
  10 orc priests
  Ijyb (D:4)
  8 orc wizards
  3 iguanas
  4 worker ants
  A hound zombie (D:5)
  A hound skeleton (D:9)
  A worker ant zombie (D:7)
  17 adders
  A shadow imp (D:5)
  9 oozes
  An adder skeleton (D:9)
  2 worms
  2 dart slugs
  4 leopard geckos
  28 orcs
  5 giant cockroaches
  9 goblins
  6 hobgoblins
  10 jackals
  4 quokkas
  6 ball pythons
  14 bats
  5 frilled lizards
  24 kobolds
  A quokka zombie (D:5)
  5 rats
  22 fungi
  3 plants (D:2)
288 creatures vanquished.

Vanquished Creatures (others)
  An orc wizard (D:5)
  8 toadstools (D:4)
9 creatures vanquished.

Grand Total: 297 creatures vanquished

Notes
Turn   | Place    | Note
-------+----------+-------------------------------------------
     0 | D:1      | Revguard the Minotaur Gladiator began the quest for the
                  | Orb.
     0 | D:1      | Reached XP level 1. HP: 18/18 MP: 0/0
    50 | D:1      | Reached XP level 2. HP: 20/25 MP: 1/1
    74 | D:1      | Reached skill level 1 in Armour
   168 | D:1      | Reached skill level 4 in Axes
   641 | D:1      | Reached XP level 3. HP: 26/30 MP: 2/2
  1009 | D:2      | Reached XP level 4. HP: 36/37 MP: 3/3
  1152 | D:2      | Found a blossoming altar of Fedhas.
  1518 | D:3      | Found a runed translucent door.
  1532 | D:3      | Noticed Acheron's ghost (weakling HuHu)
  1543 | D:3      | Killed Acheron's ghost
  1543 | D:3      | Reached skill level 5 in Axes
  1543 | D:3      | Reached XP level 5. HP: 43/45 MP: 4/4
  1549 | D:3      | Found a runed translucent door.
  2347 | D:4      | Found a shimmering altar of Xom.
  2354 | D:4      | Reached XP level 6. HP: 52/52 MP: 5/5
  2379 | D:4      | Reached skill level 6 in Axes
  2500 | D:4      | Found an ancient bone altar of Kikubaaqudgha.
  2509 | D:4      | Reached XP level 7. HP: 46/59 MP: 6/6
  2529 | D:4      | Noticed Ijyb
  2537 | D:4      | Killed Ijyb
  2542 | D:4      | Reached skill level 7 in Axes
  2749 | D:4      | Reached skill level 1 in Evocations
  2758 | D:4      | Reached skill level 5 in Armour
  3379 | D:5      | Entered Level 5 of the Dungeon
  3379 | D:5      | Found Vunemaqe's Antique Weapon Shoppe.
  3395 | D:5      | Reached skill level 8 in Axes
  3395 | D:5      | Reached XP level 8. HP: 53/67 MP: 8/8
  3436 | D:5      | Reached skill level 5 in Fighting
  3843 | D:5      | Reached skill level 9 in Axes
  3956 | D:5      | Reached skill level 5 in Dodging
  3975 | D:5      | Found a sacrificial altar of Ru.
  3976 | D:5      | Found a hazy altar of Hepliaklqana.
  3978 | D:5      | Found a stormy altar of Qazlal.
  3980 | D:5      | Found a sparkling altar of Nemelex Xobeh.
  3980 | D:5      | Found a radiant altar of Vehumet.
  3984 | D:5      | Found a shadowy altar of Dithmenos.
  3998 | D:5      | Became a worshipper of Ru the Awakened
  4199 | D:6      | Noticed Blork the orc
  4212 | D:6      | Killed Blork the orc
  4212 | D:6      | Reached XP level 9. HP: 70/75 MP: 10/10
  4324 | D:6      | Found Kiesk's Armour Emporium.
  4417 | D:6      | Reached skill level 10 in Axes
  4931 | D:7      | Found a staircase to the Ecumenical Temple.
  5205 | Temple   | Entered the Ecumenical Temple
  5703 | D:8      | Reached skill level 11 in Axes
  5915 | D:8      | Noticed Grum
  5923 | D:8      | Reached XP level 10. HP: 54/86 MP: 12/12
  5935 | D:8      | Killed Grum
  5935 | D:8      | Reached skill level 5 in Evocations
  6807 | D:9      | Found a staircase to the Orcish Mines.
  7188 | D:9      | Noticed a great orb of eyes
  7212 | D:9      | Killed a great orb of eyes
  7590 | D:9      | Reached skill level 12 in Axes
  7603 | D:9      | Reached skill level 10 in Armour
  7735 | D:9      | Identified the Collected Works on the Traveller
  7902 | D:10     | Entered Level 10 of the Dungeon
  8095 | D:10     | Noticed a two-headed ogre
  8105 | D:10     | Slain by a two-headed ogre

Skill      XL: |  1  2  3  4  5  6  7  8  9 10 |
---------------+-------------------------------+-----
Armour         | 1 2 3 4 5 6 8 10 | 10.2
Axes           | 4 5 6 8 9 11 12 | 12.1
Dodging        | 4 5 6 |  6.0
Fighting       | 3 4 5 7 |  7.9
Evocations     | 1 3 4 6 |  6.2
Throwing       | |  2.0

Action                   |  1- 3 |  4- 6 |  7- 9 | 10-12 || total
-------------------------+-------+-------+-------+-------++-------
Melee: War axe           |    11 |       |       |       ||    11
       Headbutt          |     5 |    49 |    97 |    34 ||   185
       Hand axe          |    35 |   192 |   412 |   119 ||   758
       Battleaxe         |       |       |       |    20 ||    20
Invok: Reject Sacrifices |       |       |     1 |       ||     1
Evoke: Wand              |       |       |       |     3 ||     3
  Use: Scroll            |       |     4 |    14 |     7 ||    25
       Potion            |       |       |     1 |     5 ||     6
  Eat: Chunk             |       |     5 |    11 |     8 ||    24
Armor: Leather armour    |     4 |       |       |       ||     4
       Chain mail        |    18 |    64 |   182 |    83 ||   347
       Ring mail         |     1 |       |       |       ||     1
Dodge: Dodged            |    32 |    59 |   150 |    78 ||   319
Block: Other             |       |       |    70 |    51 ||   121
       Reflection        |       |       |     4 |     2 ||     6
